 Dungeon Crawl Stone Soup version 0.22-a0-571-g4a923d4b9e (webtiles) character file.

207 Kholdaimon the Charlatan (level 5, 0/25 HPs)
             Began as a Spriggan Artificer on July 1, 2018.
             Was an Initiate of Fedhas.
             Killed by nerve-wracking pain
             ... invoked by an orc priest
              (1 damage)
             ... on level 3 of the Dungeon.
             The game lasted 00:30:25 (3391 turns).

Kholdaimon the Charlatan (Spriggan Artificer)       Turns: 3391, Time: 00:30:25

Health: 0/25       AC:  2    Str:  8    XL:     5   Next: 54%
Magic:  9/9        EV: 20    Int: 13    God:    Fedhas [......]
Gold:   93         SH:  0    Dex: 17    Spells: 4/4 levels left

rFire    . . .     SeeInvis +   p - +0 hunting sling
rCold    . . .     Gourm    .   (shield restricted)
rNeg     . . .     Faith    .   b - +0 robe
rPois    .         Spirit   .   (helmet restricted)
rElec    .         Reflect  .   (no cloak)
rCorr    .         Harm     .   (gloves unavailable)
MR       .....                  (boots unavailable)
Stlth    +++.......             (no amulet)
HPRegen  0.08/turn              (no ring)
MPRegen  0.11/turn              (no ring)

@: very quick
A: very small, unfitting armour, see invisible, herbivore, speed 3, slow
metabolism 2
a: Fungal Bloom, Renounce Religion


You were on level 3 of the Dungeon.
You worshipped Fedhas.
Fedhas was noncommittal.
You were not hungry.

You visited 1 branch of the dungeon, and saw 3 of its levels.

You collected 93 gold pieces.

Inventory:

Hand Weapons
 a - a +0 short sword
 j - a +0 dagger
 p - a +0 hunting sling (weapon)
 r - a +0 dagger
Missiles
 g - 52 sling bullets
 i - 40 bolts
 n - 65 stones (quivered)
 s - 42 arrows
Armour
 b - a +0 robe (worn)
Jewellery
 k - an uncursed ring of protection from magic {unknown}
 u - a +3 ring of strength {unknown}
Wands
 c - a wand of flame (6)
 d - a wand of enslavement (14)
 e - a wand of random effects (15)
Scrolls
 h - 4 scrolls of identify {unknown}
 l - a scroll of enchant armour {unknown}
 m - a scroll of blinking {unknown}
 o - 2 scrolls of remove curse {unknown}
 v - a scroll of amnesia {unknown}
Potions
 q - a potion of curing {unknown}
 t - a potion of agility {unknown}
Comestibles
 f - 4 rations


   Skills:
 - Level 1.0 Fighting
 + Level 2.9 Short Blades
 * Level 2.3 Slings
 + Level 4.5 Dodging
 + Level 4.0 Stealth
 + Level 5.1 Evocations


You had 4 spell levels left.
You didn't know any spells.
Your spell library was empty.

Dungeon Overview and Level Annotations

Branches:
Dungeon (3/15)

Altars:
Fedhas
Hepliaklqana
Makhleb


Innate Abilities, Weirdness & Mutations

You are very small and have problems with some larger weapons.
You are too small for most types of armour.
You have supernaturally acute eyesight. (SInv)
You are a herbivore.
You cover ground extremely quickly.
You need to consume almost no food.


Message History

Firing (i - inventory. (/) - cycle)
n - 67 stones (quivered)
Press: ? - help, Shift-Dir - straight line, f - orc, p - orc priest
Aim: an orc, wielding a dagger of venom Really fire in your orc priest's direction?
You shoot a stone.
The stone barely misses your orc priest.
The stone closely misses the orc.
Firing (i - inventory. (/) - cycle)
n - 66 stones (quivered)
Press: ? - help, Shift-Dir - straight line, f/p - orc
Aim: an orc, wielding a dagger of venom Really fire in your orc priest's direction? [Y]es or [N]o only, please.
Really fire in your orc priest's direction?
You shoot a stone. The stone hits your orc priest.
The orc priest is no longer charmed.
The orc priest is heavily wounded.
The orc priest mumbles some strange prayers to Beogh against you.
Pain shoots through your body!
You die...
Fedhas appreciates your contribution to the ecosystem.

# ########## #.#######
#.........
#......#########.#.##..o.
#((.@.o)o).(((.##.##.
#(.#########...##.##.
#.(# #...##.##. #.(#
#...##.##. #.o#
#..(##.##. #.o.
#......o.† #..#
#[........ #(..
#.#.##.##. #.........


You could see an orc priest and an orc.

Vanquished Creatures
  An orc wizard (D:3)
  7 gnolls
  2 adders (D:2)
  An ooze (D:2)
  2 worms (D:2)
  A dart slug (D:3)
  3 leopard geckos
  6 orcs (D:3)
  4 ball pythons
  8 bats
  4 giant cockroaches
  7 goblins
  11 hobgoblins
  3 jackals (D:1)
  A quokka (D:2)
  2 frilled lizards (D:1)
  4 kobolds
  4 rats
71 creatures vanquished.

Notes
Turn   | Place    | Note
-------+----------+-------------------------------------------
     0 | D:1      | Kholdaimon the Spriggan Artificer began the quest for the Orb.
     0 | D:1      | Reached XP level 1. HP: 9/9 MP: 4/4
   101 | D:1      | Reached skill level 1 in Fighting
   120 | D:1      | Reached XP level 2. HP: 13/14 MP: 6/6
   944 | D:2      | Reached XP level 3. HP: 11/18 MP: 7/7
  1427 | D:2      | Reached XP level 4. HP: 22/22 MP: 8/8
  1573 | D:2      | Found a burning altar of Makhleb.
  1609 | D:2      | Found a hazy altar of Hepliaklqana.
  1954 | D:2      | Found a burning altar of Makhleb.
  2135 | D:2      | Reached skill level 1 in Slings
  2545 | D:3      | Reached skill level 5 in Evocations
  2622 | D:2      | Reached XP level 5. HP: 15/25 MP: 9/9
  3007 | D:3      | Found a blossoming altar of Fedhas.
  3028 | D:3      | Became a worshipper of Fedhas Madash
  3385 | D:3      | HP: 1/25 [orc wizard/magic dart (7)]
  3391 | D:3      | Killed from afar by an orc priest

Vault maps used:
D:1:      lemuel_arrival_hallway
D:2:      lemuel_doored_altar, nicolae_overflow_hidden_temple, serial_curves,
          eino_curves_01, eino_curves_02, eino_curves_01, eino_curves_04,
          lemuel_altar_in_water2, uniq_sigmund
D:3:      fedhas_altar_3

Skill      XL: |  1  2  3  4  5 |
---------------+----------------+-----
Fighting       | 1 |  1.0
Stealth        | 2 3 4 |  4.0
Short Blades   | 2 |  2.9
Dodging        | 4 |  4.5
Slings         | 1 2 |  2.3
Evocations     | 5 |  5.1

Action                   |  1- 3 |  4- 6 || total
-------------------------+-------+-------++-------
Melee: Short sword       |   112 |    23 ||   135
 Fire: Hunting sling     |       |   221 ||   221
Throw: Stone             |     4 |       ||     4
Evoke: Wand              |     6 |     4 ||    10
 Stab: Sleeping          |     3 |     1 ||     4
Armor: Robe              |    13 |     7 ||    20
Dodge: Dodged            |   105 |    54 ||   159

Table legend:
 A = Spawn XP
 B = Non-spawn XP
 C = Spawn XP percentage of total XP
 D = Spawn monster count
 E = Non-spawn monster count
 F = Spawn count percentage of total count
 G = Total turns spent on level
                    A         B        C        D         E        F      G
               +---------+---------+-------+---------+---------+-------+---------
         Total |       0 |     296 |   0.0 |       0 |      71 |   0.0 |  3391
               +---------+---------+-------+---------+---------+-------+---------
           D:1 |       0 |      37 |   0.0 |       0 |      21 |   0.0 |   936
           D:2 |       0 |     135 |   0.0 |       0 |      28 |   0.0 |  1610
           D:3 |       0 |     124 |   0.0 |       0 |      22 |   0.0 |   845
               +---------+---------+-------+---------+---------+-------+---------
